 Dungeon Crawl Stone Soup version 0.29.0-5-ge4962eb29e (webtiles) character file.

Game seed: 5175522949853785377

37 ProzacElf the Ducker (level 3, -3/30 HPs)
             Began as a Minotaur Hedge Wizard on Aug 29, 2022.
             Was an Initiate of Ashenzari.
             Slain by an iguana (5 damage)
             ... on level 2 of the Dungeon.
             The game lasted 00:02:31 (1734 turns).

ProzacElf the Ducker (Minotaur Hedge Wizard)        Turns: 1734, Time: 00:02:32

Health: -3/30      AC:  3    Str: 16    XL:     3   Next: 21%
Magic:  5/5        EV: 12    Int: 11    God:    Ashenzari [......]
Gold:   33         SH:  0    Dex:  9    Spells: 5/6 levels left

rFire   . . .      SeeInvis .   a - +0 short sword
rCold   . . .      Faith    .   (no shield)
rNeg    . . .      Spirit   .   h - +0 leather armour
rPois   .          Reflect  .   c - +0 hat
rElec   .          Harm     .   (no cloak)
rCorr   .          Rampage  .   (no gloves)
Will    .....                   (no boots)
Stlth   +.........              (no amulet)
HPRegen 0.10/turn               (no ring)
MPRegen 0.09/turn               (no ring)

@: no status effects
A: horns 2, retaliatory headbutt
a: Renounce Religion, Curse Item


You were on level 2 of the Dungeon.
You worshipped Ashenzari.
Ashenzari was noncommittal.
You visited 1 branch of the dungeon, and saw 2 of its levels.

You collected 33 gold pieces.

Inventory:

Hand Weapons
 a - a +0 short sword (weapon)
 e - a +0 dagger
Missiles
 j - 4 poisoned darts
Armour
 b - a +0 robe
 c - a +0 hat (worn)
 h - a +0 leather armour (worn)
Scrolls
 f - a scroll of fear {unknown}
 g - 2 scrolls of teleportation {unknown}
 k - a scroll of enchant armour {unknown}
 l - a scroll of blinking {unknown}
 m - a scroll of silence {unknown}
 n - a scroll of brand weapon {unknown}
 p - a scroll of immolation {unknown}
 q - a scroll of torment {unknown}
Potions
 d - a potion of magic
 i - 3 potions of flight {unknown}
 o - 2 potions of curing {unknown}


   Skills:
 + Level 2.4 Fighting
 + Level 3.2 Dodging
 - Level 1.5 Stealth
 - Level 2.1 Spellcasting
 - Level 0.6 Conjurations
 - Level 0.6 Summonings
 - Level 0.6 Translocations


You had 5 spell levels left.
You knew the following spells:

 Your Spells              Type           Power      Damage    Failure   Level
a - Magic Dart            Conj           8%         1d3       28%         1

Your spell library contained the following spells:

 Spells                   Type           Power      Damage    Failure   Level
 Summon Small Mammal      Summ           8%         N/A       28%         1
 Slow                     Hex            4%         N/A       34%         1
 Blink                    Tloc           4%         N/A       38%         2
 Call Imp                 Summ           2%         N/A       38%         2
 Call Canine Familiar     Summ           2%         N/A       63%         3
 Conjure Flame            Conj/Fire      1%         6-21      67%         3
 Summon Guardian Golem    Hex/Summ       1%         N/A       67%         3
 Mephitic Cloud           Conj/Pois/Air  1%         N/A       69%         3


Dungeon Overview and Level Annotations

Branches:
Dungeon (2/15)

Altars:
Ashenzari


Innate Abilities, Weirdness & Mutations

You have a pair of horns on your head.
You reflexively headbutt those who attack you in melee.


Message History

Tha iguana be heavily wounded.
Tha iguana closely misses ye.
Tha iguana bites ye.
* * * LOW HITPOINT WARNIN'
* * * Ye take 2 damage, an' haf 7/30 hp.
Ye hit tha iguana but do nay damage.
Tha iguana be heavily wounded.
Tha iguana misses ye.
Ye closely miss tha iguana.
Tha iguana be heavily wounded.
Tha iguana closely misses ye.
Ye hit tha iguana but do nay damage.
Yer headbutt misses tha iguana.
Tha iguana be heavily wounded.
Tha iguana closely misses ye.
Ye closely miss tha iguana.
Tha iguana be heavily wounded.
Tha iguana bites ye but does nay damage.
Ye closely miss tha iguana.
Tha iguana be heavily wounded.
Tha iguana barely misses ye.
Ye hit tha iguana.
Tha iguana be severely wounded.
Tha iguana bites ye.
* * * LOW HITPOINT WARNIN'
* * * Ye take 4 damage, an' haf 3/30 hp.
Ye barely miss tha iguana.
Yer headbutt misses tha iguana.
Tha iguana be severely wounded.
Tha iguana bites ye but does nay damage.
Ye hit tha iguana but do nay damage.
Tha iguana be severely wounded.
Tha iguana bites ye but does nay damage.
Ye hit tha iguana but do nay damage.
Ye headbutt tha iguana, but do nay damage.
Tha iguana be severely wounded.
Tha iguana misses ye.
Ye barely miss tha iguana.
Tha iguana be severely wounded.
Tha iguana bites ye.
* * * LOW HITPOINT WARNIN'
* * * Tha iguana bites ye.
Ye die...

.. .. ##### .##
#...# ### ..
#...#....
##.##.....#
...#l...#
#.###.#@...#
#....>....##
#############.#...#
#.........†...#...#
#.#############...#
#.##### #...#
#..†..# #...#
#####.# #...#
######.# ####


You could see an iguana.

Vanquished Creatures
  A gnoll (D:1)
  2 ball pythons (D:1)
  3 endoplasms
  2 giant cockroaches (D:1)
  A goblin (D:1)
  3 hobgoblins (D:1)
  2 jackals (D:1)
  3 kobolds (D:1)
  A quokka (D:1)
  3 bats
  3 frilled lizards (D:1)
  A rat (D:1)
25 creatures vanquished.

Notes
Turn   | Place    | Note
-------+----------+-------------------------------------------
     0 | D:1      | ProzacElf the Minotaur Hedge Wizard began the quest for the
                  | Orb.
     0 | D:1      | Reached XP level 1. HP: 14/14 MP: 2/2
   245 | D:1      | Found a faded altar of an unknown god.
   381 | D:1      | Prayed at the altar of an unknown god.
   381 | D:1      | Became a worshipper of Ashenzari the Shackled
   394 | D:1      | Reached skill level 1 in Fighting
   478 | D:1      | Reached XP level 2. HP: 21/23 MP: 4/4
   853 | D:1      | Reached skill level 3 in Dodging
  1381 | D:1      | Reached XP level 3. HP: 13/30 MP: 5/5
  1734 | D:2      | Slain by an iguana

Illustrated notes

Levels and vault maps discovered:
D:1:      spicycebolla_green_bress_n_ham, layout_basic, basic_ecumenical_altar
D:2:      minmay_diamond_boxcup, layout_basic, kennysheep_another_room,
          minmay_misc_feat_enclosed, uniq_sigmund, uniq_natasha

Skill      XL: |  1  2 |
---------------+-------+-----
Fighting       | 1 2 |  2.4
Dodging        | 3 |  3.2
Stealth        | |  1.5
Spellcasting   | |  2.1
Conjurations   | |  0.6
Summonings     | |  0.6
Translocations | |  0.6

Action                   || total
-------------------------++-------
Melee: Short sword       ||    76
       Dagger            ||    15
       Headbutt          ||     9
       Punch             ||     1
 Stab: Sleeping          ||     3
Armor: Robe              ||    11
       Leather armour    ||    13
Dodge: Dodged            ||    59
